[ PARTIDA AOE2 · #471617744 ]
1v1 RMBúlgaros vs Koreans
Equipo del jugador · VICT
Equipo rival · DERR
[ ANÁLISIS DE REPETICIÓN · EXTRAÍDO DE LA PARTIDA GRABADA ]
Feudal
10:28
Castillos
20:37
Imperial
38:58
| APM promedio | 22.8 |
| APM pico | 59 |
| eAPM promedio | 15.0 |
| Aldeanos / militares | 88 / 214 |
Foco
⚔️ 45.0% · 🌾 55.0%
Militia ×77 · Spearman ×65 · Scorpion ×20 · Monk ×19 · Konnik ×7 · Trebuchet (Packed) ×7
Feudal
10:06
Castillos
22:15
Imperial
39:20
| APM promedio | 11.3 |
| APM pico | 32 |
| eAPM promedio | 8.0 |
| Aldeanos / militares | 110 / 381 |
Foco
⚔️ 45.0% · 🌾 55.0%
Skirmisher ×239 · Knight ×63 · War Wagon ×47 · Trebuchet (Packed) ×12 · Archer ×11 · Spearman ×3
Mapa de la partida
Recursos al inicio + cada clic de construcción. Línea gruesa = muro · recuadro discontinuo = muro de casas detectado. 🟡 oro · ⚪ piedra · 🟢 bayas · 🔶 jabalí · ⭕ reliquia
Inputs por minuto
— Diosdlamuerte - - inunezportela
Build order — Diosdlamuerte
Primeras 150 de 436 acciones detectadas
| 0:00 | Crear | Villager (Male) |
| 0:01 | Crear | Villager (Male) |
| 0:01 | Crear | Villager (Male) |
| 0:01 | Crear | Villager (Male) |
| 0:06 | Construir | House |
| 0:10 | Construir | House |
| 1:25 | Crear | Villager (Male) |
| 1:54 | Crear | Villager (Male) |
| 2:02 | Construir | Lumber Camp |
| 2:10 | Crear | Villager (Male) |
| 2:31 | Crear | Villager (Male) |
| 3:06 | Crear | Villager (Male) |
| 4:10 | Crear | Villager (Male) |
| 4:11 | Crear | Villager (Male) |
| 4:45 | Crear | Villager (Male) |
| 4:45 | Crear | Villager (Male) |
| 4:51 | Construir | House |
| 4:52 | Construir | House |
| 5:10 | Construir | Mill |
| 5:29 | Crear | Villager (Male) |
| 5:29 | Crear | Villager (Male) |
| 5:52 | Crear | Villager (Male) |
| 5:52 | Crear | Villager (Male) |
| 7:20 | Investigar | Loom |
| 8:00 | Construir | Barracks |
| 8:02 | Construir | House |
| 8:18 | Investigar | Feudal Age |
| 9:27 | Crear | Militia |
| 9:27 | Crear | Militia |
| 9:35 | Construir | Barracks |
| 10:21 | Construir | Mining Camp |
| 10:28 | Edad | Edad Feudal |
| 10:29 | Crear | Villager (Male) |
| 10:33 | Crear | Villager (Male) |
| 10:34 | Investigar | Double-Bit Axe |
| 10:43 | Crear | Militia |
| 10:49 | Construir | Farm |
| 10:55 | Construir | Blacksmith |
| 11:02 | Crear | Villager (Male) |
| 11:25 | Crear | Spearman |
| 11:48 | Construir | Market |
| 12:01 | Crear | Villager (Male) |
| 12:02 | Crear | Villager (Male) |
| 12:38 | Investigar | Forging |
| 13:03 | Construir | House |
| 13:05 | Construir | House |
| 13:07 | Construir | House |
| 13:12 | Crear | Villager (Male) |
| 13:45 | Construir | Dock |
| 14:10 | Construir | Farm |
| 14:10 | Construir | Farm |
| 14:11 | Construir | Farm |
| 14:11 | Construir | Farm |
| 14:53 | Construir | House |
| 14:54 | Crear | Villager (Male) |
| 14:55 | Crear | Villager (Male) |
| 15:19 | Crear | Demolition Raft |
| 15:20 | Crear | Demolition Raft |
| 15:29 | Crear | Fishing Ship |
| 15:29 | Crear | Fishing Ship |
| 15:39 | Construir | Mining Camp |
| 15:44 | Construir | House |
| 15:46 | Construir | House |
| 15:59 | Crear | Villager (Male) |
| 15:59 | Crear | Villager (Male) |
| 15:59 | Crear | Villager (Male) |
| 16:32 | Construir | Archery Range |
| 16:57 | Crear | Fishing Ship |
| 17:24 | Construir | Lumber Camp |
| 17:45 | Crear | Skirmisher |
| 17:46 | Crear | Skirmisher |
| 17:52 | Construir | House |
| 17:53 | Construir | House |
| 17:57 | Investigar | Castle Age |
| 18:17 | Construir | Watch Tower |
| 18:32 | Construir | Watch Tower |
| 18:51 | Construir | House |
| 18:59 | Investigar | Fletching |
| 19:14 | Construir | Archery Range |
| 19:38 | Crear | Skirmisher |
| 20:19 | Construir | House |
| 20:20 | Construir | House |
| 20:29 | Construir | Lumber Camp |
| 20:37 | Edad | Edad de los Castillos |
| 21:13 | Construir | Fish Trap |
| 21:17 | Construir | Fish Trap |
| 21:47 | Construir | Town Center |
| 22:00 | Construir | Fish Trap |
| 22:14 | Crear | Villager (Male) |
| 22:15 | Crear | Villager (Male) |
| 22:15 | Crear | Villager (Male) |
| 22:23 | Crear | Cavalry Archer |
| 22:46 | Construir | House |
| 23:09 | Construir | Monastery |
| 23:17 | Crear | Cavalry Archer |
| 23:43 | Investigar | Horse Collar |
| 23:50 | Crear | Villager (Male) |
| 23:54 | Crear | Monk |
| 24:16 | Investigar | Padded Archer Armor |
| 24:21 | Crear | Cavalry Archer |
| 24:51 | Crear | Villager (Male) |
| 24:52 | Crear | Villager (Male) |
| 24:52 | Crear | Villager (Male) |
| 25:12 | Crear | Monk |
| 25:15 | Crear | Villager (Male) |
| 25:27 | Construir | Town Center |
| 25:29 | Crear | Villager (Male) |
| 25:42 | Construir | Farm |
| 25:46 | Construir | Farm |
| 26:01 | Crear | Villager (Male) |
| 26:01 | Crear | Villager (Male) |
| 26:23 | Crear | Militia |
| 26:42 | Construir | Siege Workshop |
| 26:56 | Investigar | Leather Archer Armor |
| 27:00 | Investigar | Bodkin Arrow |
| 27:04 | Crear | Villager (Male) |
| 28:24 | Crear | Battering Ram |
| 28:28 | Crear | Militia |
| 28:29 | Crear | Militia |
| 28:30 | Crear | Militia |
| 29:15 | Construir | Krepost |
| 29:34 | Crear | Villager (Male) |
| 29:36 | Investigar | Wheelbarrow |
| 29:43 | Crear | Villager (Male) |
| 29:43 | Crear | Villager (Male) |
| 30:15 | Construir | Castle |
| 30:24 | Construir | Mining Camp |
| 30:32 | Construir | Farm |
| 30:33 | Construir | Farm |
| 30:36 | Crear | Villager (Male) |
| 30:36 | Crear | Villager (Male) |
| 30:36 | Crear | Villager (Male) |
| 30:37 | Crear | Villager (Male) |
| 30:45 | Crear | Militia |
| 31:02 | Crear | Villager (Male) |
| 31:06 | Crear | Villager (Male) |
| 31:07 | Crear | Villager (Male) |
| 31:07 | Crear | Villager (Male) |
| 31:07 | Crear | Villager (Male) |
| 31:17 | Crear | Villager (Male) |
| 31:17 | Crear | Villager (Male) |
| 31:18 | Crear | Villager (Male) |
| 31:18 | Crear | Villager (Male) |
| 31:19 | Crear | Villager (Male) |
| 32:27 | Crear | Villager (Male) |
| 32:28 | Crear | Villager (Male) |
| 32:28 | Crear | Villager (Male) |
| 32:28 | Crear | Villager (Male) |
| 32:52 | Crear | Militia |
| 32:52 | Crear | Militia |
Build order — inunezportela
Primeras 150 de 246 acciones detectadas
| 0:08 | Construir | House |
| 0:11 | Construir | House |
| 0:13 | Crear | Villager (Male) ×4 |
| 1:41 | Crear | Villager (Male) |
| 1:59 | Investigar | Loom |
| 2:23 | Construir | House |
| 2:54 | Crear | Villager (Male) |
| 2:55 | Crear | Villager (Male) |
| 3:04 | Construir | Lumber Camp |
| 3:34 | Crear | Villager (Male) |
| 4:07 | Crear | Villager (Male) |
| 4:11 | Crear | Villager (Male) |
| 4:38 | Crear | Villager (Male) |
| 5:31 | Construir | Mill |
| 5:48 | Crear | Villager (Male) |
| 5:50 | Crear | Villager (Male) |
| 6:23 | Crear | Villager (Male) |
| 6:28 | Crear | Villager (Male) |
| 6:50 | Crear | Villager (Male) |
| 7:29 | Construir | House |
| 7:35 | Crear | Villager (Male) |
| 7:56 | Investigar | Feudal Age |
| 8:12 | Construir | House |
| 8:21 | Construir | Barracks |
| 8:38 | Construir | Farm |
| 9:15 | Construir | Mining Camp |
| 9:50 | Construir | House |
| 10:06 | Edad | Edad Feudal |
| 10:11 | Crear | Spearman |
| 10:11 | Crear | Spearman |
| 10:24 | Construir | Farm |
| 10:25 | Construir | Farm |
| 10:29 | Crear | Villager (Male) |
| 10:29 | Crear | Villager (Male) |
| 10:30 | Crear | Villager (Male) |
| 10:36 | Investigar | Double-Bit Axe |
| 10:53 | Crear | Spearman |
| 11:22 | Crear | Villager (Male) |
| 11:50 | Crear | Militia |
| 11:50 | Crear | Militia |
| 12:08 | Construir | Archery Range |
| 12:23 | Investigar | Man-at-Arms (upgrade) |
| 12:33 | Crear | Villager (Male) |
| 12:33 | Crear | Villager (Male) |
| 12:43 | Investigar | Gold Mining |
| 13:38 | Crear | Militia |
| 13:42 | Crear | Archer |
| 13:43 | Crear | Archer |
| 14:10 | Construir | House |
| 14:56 | Crear | Archer |
| 14:56 | Crear | Archer |
| 15:12 | Construir | Lumber Camp |
| 15:14 | Crear | Villager (Male) |
| 15:14 | Crear | Villager (Male) |
| 15:15 | Crear | Villager (Male) |
| 15:23 | Construir | Farm |
| 15:24 | Construir | Farm |
| 15:25 | Construir | Farm |
| 15:49 | Crear | Archer |
| 16:20 | Construir | Farm |
| 16:21 | Construir | Farm |
| 16:23 | Construir | Farm |
| 16:29 | Construir | House |
| 16:30 | Construir | House |
| 16:50 | Construir | Farm |
| 16:58 | Crear | Archer |
| 17:38 | Construir | Blacksmith |
| 17:44 | Crear | Villager (Male) |
| 17:44 | Crear | Villager (Male) |
| 17:45 | Crear | Villager (Male) |
| 18:35 | Construir | Market |
| 19:35 | Investigar | Castle Age |
| 20:18 | Construir | House |
| 20:19 | Construir | House |
| 20:22 | Construir | House |
| 20:23 | Construir | House |
| 20:25 | Construir | House |
| 20:55 | Construir | Mining Camp |
| 21:09 | Construir | House |
| 21:10 | Construir | House |
| 21:24 | Construir | Stable |
| 21:53 | Crear | Archer ×5 |
| 22:15 | Edad | Edad de los Castillos |
| 22:20 | Construir | Town Center |
| 22:33 | Crear | Villager (Male) ×5 |
| 23:36 | Investigar | Wheelbarrow |
| 24:00 | Construir | House |
| 24:02 | Construir | House |
| 24:03 | Construir | House |
| 24:06 | Construir | House |
| 24:11 | Construir | House |
| 24:18 | Crear | Villager (Male) ×5 |
| 24:42 | Construir | Farm |
| 24:43 | Construir | Farm |
| 24:45 | Construir | Farm |
| 24:46 | Construir | Farm |
| 24:49 | Construir | Farm |
| 25:10 | Crear | Villager (Male) ×5 |
| 26:02 | Construir | Town Center |
| 26:18 | Crear | Villager (Male) |
| 26:50 | Crear | Skirmisher ×5 |
| 27:42 | Investigar | Thumb Ring |
| 28:26 | Investigar | Hand Cart |
| 28:50 | Construir | Castle |
| 28:56 | Investigar | Elite Skirmisher (upgrade) |
| 29:11 | Crear | Skirmisher ×5 |
| 30:37 | Crear | Knight |
| 30:37 | Crear | Knight |
| 30:40 | Crear | Villager (Male) ×5 |
| 30:53 | Construir | Castle |
| 31:06 | Construir | Siege Workshop |
| 31:23 | Investigar | Fletching |
| 32:15 | Crear | Battering Ram |
| 32:15 | Crear | Battering Ram |
| 32:25 | Crear | Villager (Male) ×5 |
| 32:35 | Crear | War Wagon ×3 |
| 33:23 | Crear | Battering Ram |
| 33:29 | Investigar | Bodkin Arrow |
| 33:43 | Crear | Villager (Male) ×5 |
| 35:30 | Construir | Farm |
| 35:32 | Construir | Farm |
| 35:36 | Construir | Farm |
| 35:49 | Investigar | Imperial Age |
| 36:11 | Crear | Villager (Male) ×5 |
| 36:51 | Construir | Mining Camp |
| 37:02 | Crear | War Wagon ×4 |
| 37:22 | Construir | Archery Range |
| 37:24 | Construir | Archery Range |
| 37:25 | Construir | Archery Range |
| 37:55 | Crear | War Wagon ×4 |
| 38:12 | Crear | Skirmisher ×5 |
| 39:20 | Edad | Edad Imperial |
| 39:24 | Crear | Villager (Male) ×5 |
| 39:44 | Crear | Skirmisher ×5 |
| 39:49 | Crear | War Wagon ×5 |
| 40:32 | Crear | Trebuchet (Packed) |
| 41:33 | Crear | Trebuchet (Packed) |
| 41:40 | Crear | War Wagon |
| 41:41 | Crear | War Wagon |
| 41:51 | Crear | Knight ×5 |
| 41:52 | Investigar | Cavalier (upgrade) |
| 42:08 | Construir | Stable |
| 43:07 | Investigar | Cavalier (upgrade) |
| 44:10 | Crear | Trebuchet (Packed) |
| 44:14 | Crear | War Wagon ×2 |
| 44:46 | Crear | Knight ×5 |
| 44:49 | Investigar | Husbandry |
| 44:59 | Construir | Mining Camp |
| 45:57 | Crear | Knight ×5 |
| 45:57 | Crear | Knight ×5 |
Cronología de la partida
| 8:00 | Diosdlamuerte · first_building Barracks |
| 8:21 | inunezportela · first_building Barracks |
| 10:06 | inunezportela · age_up feudal |
| 10:28 | Diosdlamuerte · age_up feudal |
| 12:08 | inunezportela · first_building Archery Range |
| 13:45 | Diosdlamuerte · first_building Dock |
| 14:58 | Diosdlamuerte · first_market_sell 100 wood |
| 15:00 | Diosdlamuerte · first_market_buy 100 food |
| 16:32 | Diosdlamuerte · first_building Archery Range |
| 20:37 | Diosdlamuerte · age_up castle |
| 21:24 | inunezportela · first_building Stable |
| 22:15 | inunezportela · age_up castle |
| 23:09 | Diosdlamuerte · first_building Monastery |
| 26:42 | Diosdlamuerte · first_building Siege Workshop |
| 28:50 | inunezportela · first_building Castle |
| 29:15 | Diosdlamuerte · first_building Krepost |
| 30:15 | Diosdlamuerte · first_building Castle |
| 31:06 | inunezportela · first_building Siege Workshop |
| 38:58 | Diosdlamuerte · age_up imperial |
| 39:20 | inunezportela · age_up imperial |
| 74:39 | inunezportela · resign |
[ ANÁLISIS IA · 1 CRÉDITO ]
¿Qué pasó realmente en esta partida?
Wolo.gg analiza cada decisión: build order, eco, micro, errores típicos por bracket. Análisis personalizado por WhatsApp o Discord en 30 segundos.
Guía civ
Búlgaros
Guía mapa
Arabia
Perfil
Diosdlamuerte